 Dungeon Crawl Stone Soup version 0.27-a0-320-g81d27af2d4 (webtiles) character file.

Game seed: 868067661951074023

7146 wakim the Martial Artist (level 11, -19/72 HPs)
             Began as an Octopode Venom Mage on Feb 10, 2021.
             Was an Initiate of Gozag.
             Demolished by a red ugly thing (22 damage)
             ... on level 10 of the Dungeon.
             The game lasted 00:56:58 (13385 turns).

wakim the Martial Artist (Octopode Venom Mage)     Turns: 13385, Time: 00:56:59

Health: -19/72     AC:  1    Str:  9    XL:     11   Next: 10%
Magic:  5/18       EV: 19    Int: 26    God:    Gozag
Gold:   1070       SH:  0    Dex: 12    Spells: 5/20 levels left

rFire    . . .     SeeInvis .     - Unarmed
rCold    . . .     Faith    .   (no shield)
rNeg     . . .     Spirit   .   (helmet restricted)
rPois    .         Reflect  .   C - amulet of regeneration
rElec    .         Harm     .   k - ring of wizardry
rCorr    .         Rampage  .   t - +4 ring of evasion
Will     .....                  B - +6 ring of intelligence
Stlth    ++++......             (no ring)
HPRegen  0.62/turn              (no ring)
MPRegen  0.16/turn              (no ring)
                                (no ring)
                                (no ring)

@: no status effects
A: almost no armour, stealthy swim, amphibious, 8 rings, constrict 8, camouflage
1, gelatinous body 1
a: Renounce Religion, Potion Petition, Call Merchant, Bribe Branch


You were on level 10 of the Dungeon.
You worshipped Gozag.
Gozag was most pleased with you.
You visited 2 branches of the dungeon, and saw 12 of its levels.

You collected 1224 gold pieces.
You paid 154 gold pieces to Gozag.

Inventory:

Hand Weapons
 n - a +2 dagger of pain
Missiles
 f - 237 stones
 j - 31 poisoned darts
 z - a curare-tipped dart
Jewellery
 e - an amulet of guardian spirit
 k - a ring of wizardry (left tentacle)
 q - an amulet of the acrobat
 t - a +4 ring of evasion (right tentacle)
 B - a +6 ring of intelligence (on tentacle)
 C - an amulet of regeneration (around mantle)
Wands
 u - a wand of acid (4)
 D - a wand of flame (30)
Scrolls
 h - a scroll of amnesia
 l - a scroll of teleportation
 m - 4 scrolls of magic mapping
 o - 2 scrolls of noise {unknown}
 p - 4 scrolls of identify {unknown}
 s - 2 scrolls of immolation
 w - a scroll of enchant weapon {unknown}
 x - a scroll of vulnerability {unknown}
 y - 2 scrolls of fear {unknown}
 A - 2 scrolls of enchant armour {unknown}
Potions
 a - a potion of invisibility {unknown}
 b - 3 potions of flight {unknown}
 c - 6 potions of curing {unknown}
 d - 5 potions of haste {unknown}
 g - 2 potions of heal wounds {unknown}
 i - a potion of magic {unknown}
 r - a potion of mutation {unknown}
 v - 2 potions of lignification {unknown}
 E - a potion of brilliance {unknown}


   Skills:
 * Level 5.2 Fighting
 + Level 5.2 Dodging
 + Level 5.4 Stealth
 + Level 11.3 Unarmed Combat
 - Level 5.0 Spellcasting
 - Level 5.0 Transmutations
 - Level 8.0 Poison Magic


You had 5 spell levels left.
You knew the following spells:

 Your Spells              Type           Power        Failure   Level
a - Sting                 Tmut/Pois      100%         1%          1
b - Poisonous Vapours     Pois/Air       54%          1%          2
c - Olgreb's Toxic Radia  Pois           48%          1%          4
d - Ignite Poison         Fire/Tmut/Pois 29%          1%          3
e - Mephitic Cloud        Conj/Pois/Air  20%          3%          3
f - Blink                 Tloc           N/A          4%          2

Your spell library contained the following spells:

 Spells                   Type           Power        Failure   Level
 Magic Dart               Conj           24%          3%          1
 Call Imp                 Summ           6%           4%          2
 Slow                     Hex            6%           4%          2
 Conjure Flame            Conj/Fire      6%           9%          3


Dungeon Overview and Level Annotations

Branches:
Dungeon (11/15)            Temple (1/1) D:7            Lair (0/6) D:9
    Orc: D:9-12

Altars:
Cheibriados
Dithmenos
Elyvilon
Fedhas
Gozag
Hepliaklqana
Makhleb
Nemelex Xobeh
Okawaru
Ru
Sif Muna
Trog
Uskayaw
Vehumet
Wu Jian
Xom
Yredelemnul
Zin
The Shining One

Shops:
D:4 [   D:5 *

Annotations:
D:4 1 runed translucent door, Borgoz's ghost, amateur GrGl
D:6 3 runed translucent doors, Fenrir042's ghost, novice OpMo
D:8 2 transporters, bomjman's ghost, novice TrEE


Innate Abilities, Weirdness & Mutations

You cannot wear most types of armour.
You are very stealthy in the water. (Stealth+)
You are amphibious.
You can wear up to eight rings at the same time.
You can use your tentacles to constrict eight enemies at once.
Your skin changes colour to match your surroundings (Stealth+).
Your rubbery body absorbs attacks. (AC +1, EV +1)


Message History

Confirm with . or Enter, or press ? or * to list all spells.
You ignite the poison in your surroundings!
The red ugly thing seems to burn from within.
The red ugly thing is severely wounded.
The red ugly thing completely misses you.
Poisonous vapours surround the red ugly thing!
The red ugly thing is engulfed in poison gas.
The red ugly thing is poisoned.
The red ugly thing stings you but does no damage.
The red ugly thing completely misses you.
The red ugly thing stings you!
You are engulfed in flames!
The red ugly thing looks more healthy.
The red ugly thing stings you!
You are engulfed in flames!!
* * * LOW HITPOINT WARNING * * *
Aiming: Corrosive Bolt
Press: ? - help, Shift-Dir - straight line, f/p - red ugly thing
Aim: a red ugly thing (severely wounded, 29% to evade)
The bolt of acid hits the red ugly thing!
The red ugly thing is splashed with acid!
The red ugly thing is almost dead.
The red ugly thing misses you.
That's the wrong kind of item! (Use * to select it.) Evoke which item? (* to show all) (? for menu, Esc to quit)
Okay, then.
Okay, then.
Okay, then.
Unknown command.
You are too injured to fight recklessly!
Casting: Poisonous Vapours (safe; 1% risk of failure)
Confirm with . or Enter, or press ? or * to list all spells.
Aiming: Poisonous Vapours (safe; 1% risk of failure)
Press: ? - help, Dir - move target, f/p - red ugly thing
Aim: a red ugly thing (almost dead) Poisonous vapours surround the red ugly thing!
The red ugly thing is engulfed in poison gas.
The red ugly thing is poisoned.
The red ugly thing stings you!
* * * LOW HITPOINT WARNING * * *
You are engulfed in flames!!
You die...
Your body crumbles into a pile of gold.

.......##.#..........#...........
.....####.#.##.......#...........
...#.####.#.##.#.##..############
##.#........#.#..##.......#
##.#......................#
........#.###....####..####
##........#.......# #..# #######
##................###..####......
..........#....u@........[.......
####...........<##.......##.#####
...........##...##.......##.#
####..........####.)........#
##.......##.# #.......####
###......####.# #.......#
.........# #.# #.......#
###...#.## #.# ##.####.# ###.#.#
#.# #...# #.#


You could see a red ugly thing (poisoned).

Vanquished Creatures
  A centaur warrior (D:10)
  A two-headed ogre (D:8)
  A manticore (D:10)
  Maggie (D:8)
  A kobold demonologist (D:10)
  A troll (D:10)
  A yak (shapeshifter) (D:10)
  A basilisk (D:10)
  3 vampire mosquitoes
  A steam dragon (D:8)
  A water moccasin (D:6)
  An orc warrior (D:6)
  5 sky beasts
  3 ice beasts (D:10)
  A phantom (D:6)
  3 ogres
  2 centaurs
  2 kobold brigands
  6 bullfrogs
  A scorpion (D:8)
  6 wights
  2 centaur zombies
  3 hounds
  2 centaur skeletons
  4 jellies
  2 orc priests
  A bullfrog skeleton (D:10)
  An iguana (D:8)
  9 orc wizards
  5 worker ants
  A hound skeleton (D:7)
  A howler monkey skeleton (D:4)
  A howler monkey zombie (D:9)
  6 gnolls
  11 adders
  A shadow imp (D:6)
  7 white imps
  2 ufetubi (D:5)
  2 oozes
  An adder skeleton (D:8)
  6 worms
  A dart slug (D:4)
  6 leopard geckos
  26 orcs
  3 bats
  6 giant cockroaches
  10 goblins
  2 hobgoblins
  10 jackals
  8 kobolds
  2 quokkas (D:8)
  3 ball pythons
  7 frilled lizards
  12 rats
207 creatures vanquished.

Vanquished Creatures (others)
  4 plants (D:7)
4 creatures vanquished.

Grand Total: 211 creatures vanquished

Notes
Turn   | Place    | Note
-------+----------+-------------------------------------------
     0 | D:1      | wakim the Octopode Venom Mage began the quest for the Orb.
     0 | D:1      | Reached XP level 1. HP: 11/11 MP: 3/3
   318 | D:1      | Reached XP level 2. HP: 17/17 MP: 0/5
   321 | D:1      | Learned a level 2 spell: Poisonous Vapours
  1265 | D:2      | Reached skill level 1 in Unarmed Combat
  1278 | D:2      | Reached XP level 3. HP: 21/21 MP: 0/6
  1645 | D:2      | You fall into a shaft and drop 1 floor!
  1946 | D:3      | Reached skill level 5 in Poison Magic
  2079 | D:2      | Reached skill level 2 in Unarmed Combat
  2175 | D:2      | Reached XP level 4. HP: 27/27 MP: 4/7
  2514 | D:1      | Learned a level 4 spell: Olgreb's Toxic Radiance
  3108 | D:3      | Reached XP level 5. HP: 27/31 MP: 4/9
  3505 | D:3      | Reached skill level 3 in Unarmed Combat
  3655 | D:4      | Learned a level 3 spell: Ignite Poison
  3660 | D:4      | Found Qiabiyz's Antique Armour Shop.
  3781 | D:4      | Reached XP level 6. HP: 23/37 MP: 3/11
  3914 | D:4      | Found a shadowy altar of Dithmenos.
  4193 | D:4      | Noticed a sky beast
  4220 | D:4      | Killed a sky beast
  4221 | D:4      | Reached skill level 1 in Fighting
  4377 | D:4      | Found a runed translucent door.
  4378 | D:4      | Noticed a skeletal warrior
  4379 | D:4      | Noticed Borgoz's ghost (amateur GrGl)
  4640 | D:4      | Reached skill level 4 in Unarmed Combat
  4640 | D:4      | Reached XP level 7. HP: 45/45 MP: 5/13
  5185 | D:5      | Entered Level 5 of the Dungeon
  6006 | D:5      | Found Gihud's General Store.
  6172 | D:6      | Reached XP level 8. HP: 48/52 MP: 6/14
  6392 | D:6      | Reached skill level 5 in Unarmed Combat
  6454 | D:6      | Found a runed translucent gate.
  6454 | D:6      | Found a runed translucent gate.
  6454 | D:6      | Found a runed translucent gate.
  6455 | D:6      | Found an opulent altar of Gozag.
  6456 | D:6      | Noticed a manticore
  6456 | D:6      | Noticed Fenrir042's ghost (novice OpMo)
  6457 | D:6      | Noticed a wyvern
  7141 | D:6      | Reached skill level 5 in Stealth
  7275 | D:6      | Reached skill level 5 in Dodging
  7630 | D:7      | Reached skill level 5 in Fighting
  7630 | D:7      | Reached skill level 6 in Unarmed Combat
  7744 | D:7      | Reached XP level 9. HP: 61/61 MP: 15/15
  8108 | D:7      | Found a staircase to the Ecumenical Temple.
  8126 | Temple   | Entered the Ecumenical Temple
  8147 | Temple   | Became a worshipper of Gozag Ym Sagoz the Greedy
  8305 | D:7      | Reached skill level 7 in Unarmed Combat
  8898 | D:8      | Noticed Maggie
  8989 | D:8      | Found a transporter.
  9457 | D:8      | Identified the +10 great mace of the Pure Queens {venom,
                  | rElec rPois Will+}
  9457 | D:8      | Identified the +8 dire flail "Hurivag" {vorpal, rC+ rN+
                  | Str+2 Stlth-}
  9457 | D:8      | Noticed a two-headed ogre
  9458 | D:8      | Found a transporter.
  9459 | D:8      | Noticed bomjman's ghost (novice TrEE)
 10139 | D:8      | Killed Maggie
 10140 | D:8      | Reached skill level 8 in Unarmed Combat
 10725 | D:9      | You fall into a shaft and drop 1 floor!
 10725 | D:10     | Entered Level 10 of the Dungeon
 11301 | D:9      | Noticed a two-headed ogre
 11623 | D:9      | Learned a level 3 spell: Mephitic Cloud
 11897 | D:9      | Found a staircase to the Lair.
 12036 | D:9      | Reached skill level 5 in Spellcasting
 12036 | D:9      | Reached XP level 10. HP: 56/66 MP: 9/17
 12142 | D:8      | Killed a two-headed ogre
 12143 | D:8      | Reached skill level 5 in Transmutations
 12434 | D:10     | Noticed a centaur warrior
 12434 | D:10     | Noticed a kobold demonologist
 12435 | D:10     | Noticed a red ugly thing
 12437 | D:10     | Killed a kobold demonologist
 12453 | D:10     | Killed a centaur warrior
 12454 | D:10     | Reached skill level 9 in Unarmed Combat
 12650 | D:10     | Reached skill level 10 in Unarmed Combat
 12843 | D:10     | Noticed a manticore
 12848 | D:10     | Killed a manticore
 13070 | D:10     | Reached skill level 11 in Unarmed Combat
 13070 | D:10     | Reached XP level 11. HP: 48/71 MP: 18/18
 13111 | D:10     | Learned a level 2 spell: Blink
 13385 | D:10     | HP: 3/72 [red ugly thing (12)]
 13385 | D:10     | Demolished by a red ugly thing

Illustrated notes

Levels and vault maps discovered:
D:1:      amcnicky_arrival_blooded_trapdoor, layout_basic, minmay_cut_off
D:2:      layout_basic
D:3:      layout_basic, kennysheep_generic_room_2
D:4:      minmay_chambers_of_fours, layout_basic,
          nicolae_overflow_hidden_temple, ebering_ghost_inner_flame,
          serial_shops, kennysheep_mini
D:5:      layout_loops_ring, serial_shops, nicolae_shop_behind_doors
D:6:      layout_basic, ebering_ghost_gozag
D:7:      layout_basic, minmay_temple_entry_gardened_gates
D:8:      layout_gridville, gammafunk_ghost_smash, kennysheep_generic_room_9,
          uniq_maggie
D:9:      layout_roguey, lair_entry_dummy, serial_curves, eino_curves_03,
          eino_curves_01, feat_on_display
D:10:     kennysheep_blocky_room, layout_loops_ring, enter_bailey_3,
          minivault_28
D:11:     layout_loops_ring, basic_altar, serial_shops, shop,
          roderic_three_in_a_row, amcnicky_altar_lugonu_corruption
Temple:   grunt_wide_crystal_templ

Skill      XL: |  1  2  3  4  5  6  7  8  9 10 |
---------------+-------------------------------+-----
Poison Magic   | 4 5 6 8 |  8.0
Unarmed Combat | 1 2 3 4 6 8 11 | 11.3
Spellcasting   | 3 4 5 |  5.0
Fighting       | 2 3 5 |  5.2
Stealth        | 3 5 |  5.4
Dodging        | 3 5 |  5.2
Transmutations | 4 5 |  5.0

Action                   |  1- 3 |  4- 6 |  7- 9 | 10-12 || total
-------------------------+-------+-------+-------+-------++-------
Melee: Unarmed           |    23 |    33 |   225 |    63 ||   344
       Constrict         |    10 |     8 |    33 |     6 ||    57
       Tentacles         |     5 |     5 |    37 |    13 ||    60
       Punch             |       |     1 |     8 |     3 ||    12
Throw: Stone             |     1 |     4 |     3 |     1 ||     9
       Dart              |       |     3 |     6 |       ||     9
 Cast: Sting             |     6 |       |     6 |       ||    12
       Poisonous Vapours |    31 |    47 |    73 |    13 ||   164
       Olgreb's Toxic Ra |       |     3 |    16 |     7 ||    26
       Ignite Poison     |       |     1 |    14 |     8 ||    23
Evoke: Wand              |       |       |       |     2 ||     2
  Use: Scroll            |       |       |     1 |     3 ||     4
 Stab: Sleeping          |     2 |     2 |     7 |     1 ||    12
Armor: Skin              |     2 |       |     7 |     4 ||    13
Dodge: Dodged            |    20 |    23 |   153 |    57 ||   253

Table legend: (Time is in decaauts)
 A = Elapsed time spent in this place.
 B = Non-inter-level travel time spent in this place.
 C = Inter-level travel time spent in this place.
 D = Time resting spent in this place.
 E = Time spent auto-exploring this place.
 F = Levels seen in this place.
 G = Mean time per level.
                   A        B        C        D        E       F      G
               +--------+--------+--------+--------+--------+-----+--------+
         Total |  13358 |  12868 |    490 |   4820 |   2457 |  12 | 1113.2 |
       Dungeon |  13307 |  12817 |    490 |   4820 |   2423 |  11 | 1209.7 |
        Temple |     50 |     50 |      0 |      0 |     34 |   1 |   50.0 |
               +--------+--------+--------+--------+--------+-----+--------+

Top non-repeatable levels by time:
     D:8: 1902 daAuts
     D:6: 1556 daAuts
     D:4: 1555 daAuts
    D:10: 1501 daAuts
     D:1: 1384 daAuts
     D:7: 1352 daAuts
     D:3: 1200 daAuts
     D:2: 1047 daAuts
     D:5: 959 daAuts
     D:9: 685 daAuts
    D:11: 161 daAuts
  Temple: 50 daAuts
